 Dungeon Crawl Stone Soup version 0.24.0-125-gc4c63601f3 (webtiles) character file.

Game seed: 8649871203999617706, levelgen mode: deterministic

51 night the Cudgeler (level 3, -5/35 HPs)
             Began as a Gnoll Chaos Knight on Feb 21, 2020.
             Was a Plaything of Xom.
             Killed by nerve-wracking pain
             ... invoked by an orc priest
              (7 damage)
             ... on level 3 of the Dungeon.
             The game lasted 00:03:35 (1666 turns).

night the Cudgeler (Gnoll Chaos Knight)             Turns: 1666, Time: 00:03:36

Health: -5/35      AC:  8    Str: 15    XL:     3   Next: 81%
Magic:  4/4        EV: 10    Int: 14    God:    Xom [.....*]
Gold:   139        SH:  0    Dex: 14    Spells: 3/3 levels left

rFire    . . .     SeeInvis .   a - +0 mace (chaos)
rCold    . . .     Gourm    .   (no shield)
rNeg     . . .     Faith    .   n - +0 scale mail
rPois    .         Spirit   .   (no helmet)
rElec    .         Reflect  .   (no cloak)
rCorr    .         Harm     .   (no gloves)
MR       .....                  v - +0 pair of boots (curse)
Stlth    ..........             (no amulet)
HPRegen  0.11/turn              (no ring)
MPRegen  0.09/turn              (no ring)

@: no status effects
A: distributed training, fangs 1, strong nose
a: Renounce Religion


You were on level 3 of the Dungeon.
You worshipped Xom.
You were Xom's teddy bear.
You were not hungry.

You visited 1 branch of the dungeon, and saw 3 of its levels.

You collected 139 gold pieces.

Inventory:

Hand Weapons
 a - a +0 mace of chaos (weapon)
 f - a +2 dagger of speed
Missiles
 e - 42 stones (quivered)
 p - 15 sling bullets
 t - 24 arrows
Armour
 b - a +2 leather armour
 j - a +0 ring mail
 n - a +0 scale mail (worn)
 v - a cursed +0 pair of boots (worn)
Wands
 h - a wand of iceblast (9)
Scrolls
 l - 3 scrolls of remove curse
 m - 2 scrolls of identify
 q - a scroll of teleportation {unknown}
 s - a scroll of enchant weapon {unknown}
Potions
 d - a potion of might {unknown}
 g - 7 potions of curing
 i - a potion of agility {unknown}
 k - a potion of degeneration {unknown}
 o - a potion of lignification {unknown}
 r - a potion of heal wounds {unknown}
Comestibles
 c - a ration
 u - 2 chunks of flesh


   Skills:
 + Level 6.5 Fighting
 + Level 0.9 Short Blades
 + Level 0.9 Long Blades
 + Level 0.9 Axes
 + Level 6.5 Maces & Flails
 + Level 0.9 Polearms
 + Level 0.9 Staves
 + Level 0.9 Slings
 + Level 0.9 Bows
 + Level 0.9 Crossbows
 + Level 0.9 Throwing
 + Level 4.5 Armour
 + Level 2.6 Dodging
 + Level 0.9 Stealth
 + Level 0.9 Shields
 + Level 0.9 Unarmed Combat
 + Level 0.9 Spellcasting
 + Level 0.6 Conjurations
 + Level 0.6 Hexes
 + Level 0.6 Charms
 + Level 0.6 Summonings
 + Level 0.6 Necromancy
 + Level 0.6 Translocations
 + Level 0.6 Transmutations
 + Level 0.6 Fire Magic
 + Level 0.6 Ice Magic
 + Level 0.6 Air Magic
 + Level 0.6 Earth Magic
 + Level 0.6 Poison Magic
 + Level 1.0 Invocations
 + Level 0.9 Evocations


You had 3 spell levels left.
You didn't know any spells.
Your spell library was empty.

Dungeon Overview and Level Annotations

Branches:
Dungeon (3/15)

Altars:


Innate Abilities, Weirdness & Mutations

Your experience applies equally to all skills.
You have very sharp teeth.
Your uncanny sense of smell can sniff out nearby items.


Message History

You are too injured to fight recklessly!
Evoke which item? (* to show all) (? for menu, Esc to quit)
That's the wrong kind of item! (Use * to select it.) Evoke which item? (* to show all) (? for menu, Esc to quit)
You don't have any such object.
Evoke which item? (* to show all) (? for menu, Esc to quit)
Aiming: Iceblast
Press: ? - help, Shift-Dir - straight line, f - orc priest
Aim: an orc priest, wielding a +0 club The mass of ice explodes!
The iceblast engulfs the orc priest!
The orc priest is heavily wounded.
The orc priest calls down the wrath of Beogh upon you.
Beogh smites you!
* * * LOW HITPOINT WARNING * * *
You are too injured to fight recklessly!
You barely miss the orc priest.
The orc priest is heavily wounded.
The orc priest mumbles some strange prayers to Beogh against you.
Pain shoots through your body!
You die...

#.##.... #. #..## ##.
...## .... ##.##
#####.... #..# .
...#...# ##.# ...
#.....######...
..#..#####.....#.......#
......o@)........#####.#
#.#######..#####....##.#
#..>....).....###..#.#
#.......#####....#....
#.......# ##..####..
#........## #...## #..
###............### #..
#......###### #..
#......# #^.


You could see an orc priest.

Vanquished Creatures
  An adder (D:1)
  2 worms (D:3)
  A dart slug (D:1)
  2 orcs (D:3)
  A ball python (D:2)
  5 bats (D:1)
  A giant cockroach (D:2)
  5 goblins
  3 hobgoblins
  5 frilled lizards
  5 kobolds
31 creatures vanquished.

Vanquished Creatures (others)
  A bat (D:2)
  A goblin (D:2)
2 creatures vanquished.

Grand Total: 33 creatures vanquished

Notes
Turn   | Place    | Note
-------+----------+-------------------------------------------
     0 | D:1      | night the Gnoll Chaos Knight began the quest for the Orb.
     0 | D:1      | Reached XP level 1. HP: 23/23 MP: 1/1
     3 | D:1      | XOM: harmless Conj miscast
   116 | D:1      | Reached XP level 2. HP: 29/29 MP: 2/2
   335 | D:1      | Reached XP level 3. HP: 31/35 MP: 3/3
   445 | D:1      | XOM: harmless Tmut miscast
  1424 | D:3      | Reached skill level 1 in Invocations
  1614 | D:3      | XOM: confuse monster(s)
  1660 | D:3      | XOM: harmless Conj miscast
  1666 | D:3      | Killed from afar by an orc priest

Levels and vault maps discovered:
D:1:      saegor_arrival_simple_a, layout_basic, kennysheep_flooded_box
D:2:      layout_loops_ring, lemuel_flame_loot_1
D:3:      layout_rooms

Skill      XL: |  1  2  3 |
---------------+----------+-----
Invocations    | 1 |  1.0
Fighting       | |  6.5
Short Blades   | |  0.9
Long Blades    | |  0.9
Axes           | |  0.9
Maces & Flails | |  6.5
Polearms       | |  0.9
Staves         | |  0.9
Slings         | |  0.9
Bows           | |  0.9
Crossbows      | |  0.9
Throwing       | |  0.9
Armour         | |  4.5
Dodging        | |  2.6
Stealth        | |  0.9
Shields        | |  0.9
Unarmed Combat | |  0.9
Spellcasting   | |  0.9
Conjurations   | |  0.6
Hexes          | |  0.6
Charms         | |  0.6
Summonings     | |  0.6
Necromancy     | |  0.6
Translocations | |  0.6
Transmutations | |  0.6
Fire Magic     | |  0.6
Ice Magic      | |  0.6
Air Magic      | |  0.6
Earth Magic    | |  0.6
Poison Magic   | |  0.6
Evocations     | |  0.9

Action                   || total
-------------------------++-------
Melee: Mace              ||    69
       Bite              ||     4
Evoke: Wand              ||     3
  Use: Scroll            ||     5
  Eat: Chunk             ||     2
Armor: Leather armour    ||    15
       Scale mail        ||    16
       Ring mail         ||     1
Dodge: Dodged            ||    39
